 Dungeon Crawl Stone Soup version 0.31-a0-542-gdc2a67831c (webtiles) character file.

Game seed: 1917796184312402098

324 Kasper the Chopper (level 6, -1/55 HPs)
             Began as a Hill Orc Fighter on Aug 14, 2023.
             Slain by a tentacled starspawn (33 damage)
             ... on level 1 of the Abyss.
             The game lasted 00:14:25 (2112 turns).

Kasper the Chopper (Hill Orc Fighter)               Turns: 2112, Time: 00:14:25

Health: -1/55      AC:  7    Str: 21    XL:     6   Next: 48%
Magic:  6/6        EV:  9    Int:  8    God:
Gold:   107        SH:  4    Dex: 10    Spells: 5/5 levels left

rFire   . . .        u - +2 short sword (distort)
rCold   . . .        c - +0 buckler
rNeg    . . .        b - +0 scale mail
rPois   .            (no helmet)
rElec   .            (no cloak)
rCorr   .            (no gloves)
SInv    .            (no boots)
Will    +....        (no amulet) Stlth
                     e - ring of willpower
HPRegen 0.29/turn    (no ring)
MPRegen 0.10/turn

%: no passive effects
@: no status effects
A: no striking features
a: no special abilities


You were on level 1 of the Abyss.
You visited 1 branch of the dungeon, and saw 3 of its levels.
You visited the Abyss 1 time.

You collected 129 gold pieces.
You spent 22 gold pieces at shops.

Inventory:

Hand Weapons
 a - a +0 war axe
 g - a +1 spear of freezing
 t - a +1 rapier of distortion
 u - a +2 short sword of distortion (weapon)
 v - a +3 whip
Armour
 b - a +0 scale mail (worn)
 c - a +0 buckler (worn)
Jewellery
 e - a ring of willpower (left hand)
Scrolls
 j - a scroll of amnesia {unknown}
 l - 2 scrolls of fog {unknown}
 m - a scroll of brand weapon {unknown}
 n - 2 scrolls of noise {unknown}
 p - a scroll of teleportation {unknown}
 q - a scroll of identify {unknown}
 r - a scroll of enchant weapon {unknown}
Potions
 d - a potion of might
 f - a potion of magic {unknown}
 h - 2 potions of attraction {unknown}
 i - a potion of resistance {unknown}
 k - a potion of curing {unknown}
 o - a potion of enlightenment {unknown}
 s - a potion of heal wounds {unknown}


   Skills:
 + Level 4.8 Fighting
 + Level 6.2 Axes
 + Level 4.4 Armour
 + Level 0.8 Dodging
 + Level 0.2 Stealth
 + Level 4.0 Shields


You had 5 spell levels left.
You didn't know any spells.
Your spell library contained the following spells:

 Spells                   Type           Power      Damage    Failure   Level
 Inner Flame              Hex/Fire       0%         N/A       99%         3
 Flame Wave               Conj/Fire      0%         2d4       100%        4
 Sticky Flame             Conj/Fire      0%         2d3       100%        4


Dungeon Overview and Level Annotations

Branches:
Dungeon (3/15)

Altars:
Xom
Lugonu

Shops:
D:3 *

Portals:
Abyss: D:3


Message History

You kill the kobold!
Things that are here:
a +2 short sword of distortion; a kobold corpse
u - a +2 short sword of distortion You start resting.
HP restored.
There is a one-way gate to the infinite horrors of the Abyss, spattered with blood here.
Things that are here:
a +3 whip; a kobold corpse
v - a +3 whip This branch contains the abyssal rune of Zot.
Space warps around you for a moment!
u - a +2 short sword of distortion (weapon)
A tentacled starspawn materialises.
Found a corrupted altar of Lugonu.
You hit the tentacled starspawn.
Space warps around the tentacled starspawn.
The tentacled starspawn is lightly damaged.
The tentacled starspawn closely misses you.
The tentacled starspawn barely misses you.
You hit the tentacled starspawn.
Space warps around the tentacled starspawn.
The tentacled starspawn is lightly damaged.
The tentacled starspawn bites you!
The tentacled starspawn tentacle-slaps you but does no damage.
You hit the tentacled starspawn.
Space warps horribly around the tentacled starspawn!
The tentacled starspawn is moderately damaged.
The tentacled starspawn bites you!
You block the tentacled starspawn's attack.
You hit the tentacled starspawn.
Space warps horribly around the tentacled starspawn!!
The tentacled starspawn is severely damaged.
Tentacles burst from the starspawn's body! 2 starspawn tentacles come into view.
You barely miss the tentacled starspawn.
The tentacled starspawn is severely damaged.
The tentacled starspawn bites you!!
Ouch! That really hurt!
You die...

. .... .#.## # ..
#...._ ... ...
#..#.###.# ...
...#.#.# ....
#.....## .....
##w....### #... #
#.X@...##. ...
.......w...#...# ##
#.###..........#..#
.......##...#.....
#........ .## .#.
.....#.#.###.#
#.....##.## ##
###... # #.


You could see a tentacled starspawn and 2 starspawn tentacles.

Vanquished Creatures
  Grinder (D:3)
  An orc wizard (D:3)
  2 adders (D:3)
  A worm (D:3)
  3 dart slugs
  7 orcs (D:3)
  7 ball pythons
  8 bats
  5 endoplasms
  4 giant cockroaches
  9 goblins
  4 hobgoblins
  A quokka (D:3)
  6 frilled lizards
  11 kobolds
  9 rats
79 creatures vanquished.

Vanquished Creatures (others)
  A hobgoblin (D:3)
1 creature vanquished.

Grand Total: 80 creatures vanquished

Notes
Turn   | Place    | Note
-------+----------+-------------------------------------------
     0 | D:1      | Kasper the Hill Orc Fighter began the quest for the Orb.
     0 | D:1      | Reached XP level 1. HP: 19/19 MP: 1/1
   119 | D:1      | Reached XP level 2. HP: 27/27 MP: 2/2
   244 | D:1      | Found a faded altar of an unknown god.
   366 | D:1      | Reached skill level 3 in Axes
   366 | D:1      | Reached XP level 3. HP: 27/33 MP: 3/3
   986 | D:2      | You fall into a shaft and drop 1 floor!
  1355 | D:3      | Found a shimmering altar of Xom.
  1355 | D:3      | Noticed Grinder
  1397 | D:3      | Reached XP level 4. HP: 20/40 MP: 4/4
  1542 | D:3      | Paralysed by Grinder for 5 turns
  1564 | D:3      | Killed Grinder
  1565 | D:3      | Reached skill level 5 in Axes
  1565 | D:3      | Reached XP level 5. HP: 44/47 MP: 5/5
  1565 | D:3      | Reached XP level 6. HP: 50/53 MP: 6/6
  1652 | D:3      | Reached skill level 6 in Axes
  1747 | D:3      | Found Heoxine's Assorted Antiques.
  1769 | D:3      | Bought a scroll labelled ONID XENTOMNI for 22 gold pieces
  1869 | D:3      | Found a one-way gate to the infinite horrors of the Abyss.
  1957 | D:3      | Found a large runed translucent door.
  1958 | D:3      | Found a large runed translucent door.
  1958 | D:3      | Found a corrupted altar of Lugonu.
  2099 | D:3      | Voluntarily entered the Abyss.
  2106 | Abyss:1  | Noticed a tentacled starspawn
  2107 | Abyss:1  | Found a corrupted altar of Lugonu.
  2112 | Abyss:1  | Slain by a tentacled starspawn

Illustrated notes

Levels and vault maps discovered:
D:1:      beargit_arrival_greenhouse, layout_loops_ring,
          shapermc_ecumenical_altar_starsandcircs
D:2:      layout_basic
D:3:      due_chaos_kobolds, layout_basic, xom_confusion_cloud, serial_shops,
          nicolae_shop_rolling_square, uniq_crazy_yiuf_cottage, uniq_grinder
Abyss:1:  base:
D:1

Skill      XL: |  1  2  3  4  5  6 |
---------------+-------------------+-----
Fighting       | 4 |  4.8
Axes           | 3 5 6 |  6.2
Armour         | 4 |  4.4
Shields        | 4 |  4.0
Dodging        | |  0.8
Stealth        | |  0.2

Action                     |  1- 3 |  4- 6 || total
---------------------------+-------+-------++-------
  Melee: War axe           |   122 |    88 ||   210
         Short sword       |       |     5 ||     5
 Armour: Scale mail        |    66 |    46 ||   112
  Dodge: Dodged            |    41 |    36 ||    77
  Block: Buckler           |    24 |    15 ||    39

Table legend: (Time is in decaauts)
 A = Elapsed time spent in this place.
 B = Non-inter-level travel time spent in this place.
 C = Inter-level travel time spent in this place.
 D = Time resting spent in this place.
 E = Time spent auto-exploring this place.
 F = Levels seen in this place.
 G = Mean time per level.
                   A        B        C        D        E       F      G
               +--------+--------+--------+--------+--------+-----+--------+
         Total |   2181 |   1956 |    225 |    292 |   1022 |   4 |  545.2 |
       Dungeon |   2169 |   1944 |    225 |    292 |   1022 |   3 |  723.0 |
         Abyss |     12 |     12 |      0 |      0 |      0 |   1 |   12.0 |
               +--------+--------+--------+--------+--------+-----+--------+

Top non-repeatable levels by time:
     D:3: 824 daAuts
     D:1: 736 daAuts
     D:2: 608 daAuts
 Abyss:1: 12 daAuts
